 Seeded DCSS version 0.30.1-11-g7821555f0a (webtiles) character file.

Game seed: 6351066067085065685 (custom seed)

1038 Esekla the Thaumaturge (level 8, -1/41 HPs)
             Began as a Deep Elf Wanderer on Nov 10, 2023.
             Was a Believer of Vehumet.
             Slain by a wyvern (15 damage)
             ... on level 7 of the Dungeon.
             The game lasted 00:30:45 (4123 turns).

Esekla the Thaumaturge (Deep Elf Wanderer)          Turns: 4123, Time: 00:30:45

Health: -1/41      AC:  5    Str: 11    XL:     8   Next: 4%
Magic:  17/23      EV: 12    Int: 21    God:    Vehumet [**....]
Gold:   313        SH:  4    Dex: 14    Spells: 15/25 levels left

rFire   . . .        s - +5 rapier of the Hero {heavy, rN+ Dex+3}
rCold   . . .        d - +0 buckler
rNeg    + . .        c - +0 robe
rPois   .            m - +0 helmet
rElec   .            E - +0 cloak
rCorr   .            l - +0 pair of gloves
SInv    .            (no boots)
Will    .....        (no amulet)
Stlth   ++           (no ring)
HPRegen 0.26/turn    (no ring)
MPRegen 0.18/turn

%: no passive effects
@: no status effects
A: no striking features
a: Renounce Religion


You were on level 7 of the Dungeon.
You worshipped Vehumet.
Vehumet was pleased with you.
You visited 1 branch of the dungeon, and saw 7 of its levels.

You collected 313 gold pieces.

Inventory:

Hand Weapons
 a - a +1 short sword of freezing
 r - a +0 spear
 s - the +5 rapier of the Hero (weapon) {heavy, rN+ Dex+3}
   (You found it on level 3 of the Dungeon)

   Dex:       It affects your dexterity (+3).
   rN:        It protects you from negative energy.
Missiles
 v - 6 poisoned darts (quivered)
Armour
 c - a +0 robe (worn)
 d - a +0 buckler (worn)
 l - a +0 pair of gloves (worn)
 m - a +0 helmet (worn)
 E - a +0 cloak (worn)
Jewellery
 z - an amulet of magic regeneration
Wands
 i - a wand of roots (16)
 B - a wand of flame (15)
Scrolls
 g - 6 scrolls of identify {unknown}
 o - a scroll of enchant armour {unknown}
 p - 2 scrolls of amnesia {unknown}
 q - a scroll of immolation {unknown}
 u - 2 scrolls of fog {unknown}
 w - 2 scrolls of blinking {unknown}
 x - a scroll of silence {unknown}
 y - a scroll of magic mapping {unknown}
 A - 2 scrolls of fear
 C - a scroll of enchant weapon {unknown}
 D - a scroll of teleportation {unknown}
Potions
 b - 2 potions of lignification
 e - 2 potions of ambrosia {unknown}
 f - 2 potions of attraction {unknown}
 h - 2 potions of heal wounds {unknown}
 j - 4 potions of curing
 k - a potion of haste {unknown}
 n - a potion of mutation {unknown}
 t - 3 potions of brilliance {unknown}


   Skills:
 + Level 1.3 Short Blades
 + Level 0.8 Throwing
 * Level 3.2 Dodging
 + Level 2.4 Stealth
 + Level 2.1 Shields
 * Level 9.2 Spellcasting
 + Level 1.5 Conjurations
 * Level 4.8 Necromancy
 + Level 3.5 Translocations
 + Level 0.2 Transmutations
 + Level 0.3 Fire Magic
 + Level 0.1 Poison Magic
 + Level 1.2 Invocations


You had 15 spell levels left.
You knew the following spells:

 Your Spells              Type           Power      Damage    Failure   Level
a - Magic Dart            Conj           64%        1d6       5%          1
b - Blink                 Tloc           48%        N/A       3%          2
d - Vampiric Draining     Necr           29%        2d8       4%          3
n - Ignite Poison         Fire/Tmut/Pois 10%        N/A       26%         3
p - Apportation           Tloc           48%        N/A       2%          1

Your spell library contained the following spells:

 Spells                   Type           Power      Damage    Failure   Level
 Static Discharge         Conj/Air       24%        2-3/arc   11%         2
 Lesser Beckoning         Tloc           48%        N/A       3%          2
 Gell's Gravitas          Tloc           24%        N/A       7%          3
 Teleport Other           Tloc           24%        N/A       7%          3
 Spider Form              Tmut/Pois      10%        N/A       26%         3
 Cause Fear               Hex            4%         N/A       69%         4
 Summon Mana Viper        Hex/Summ       9%         N/A       95%         5


Dungeon Overview and Level Annotations

Branches:
Dungeon (7/15)
 Temple: D:4-7

Altars:
Dithmenos
Hepliaklqana
Okawaru
Qazlal
Trog
Vehumet
Zin

Shops:
D:2 =


Message History

You kill Crazy Yiuf!
Vehumet accepts your kill.
You feel your power returning.
Your Stealth skill increases to level 2!
There is an open translucent door here.
Things that are here:
a +4 quarterstaff of chaos; a +0 cloak; the gnoll corpse of Crazy Yiuf You start putting on your armour.
You continue putting on your +0 cloak. x4
You finish putting on your +0 cloak.
v - 5 poisoned darts (gained 1)
v - 6 poisoned darts (gained 1)
There is an open translucent door here.
Things that are here:
a +4 quarterstaff of chaos; the gnoll corpse of Crazy Yiuf
Found 16 gold pieces.
Casting: Ignite Poison (quite dangerous; 26% risk of failure)
Confirm with . or Enter, or press ? or * to list all spells.
Aiming: Apportation (safe; 2% risk of failure)
Press: ? - help, Dir - move target Apport: 16 gold pieces Yoink!
You pull the items towards yourself.
You now have 313 gold pieces (gained 16).
A wyvern comes into view.
The wyvern barely misses you. The wyvern bites you!
Casting: Apportation (safe; 2% risk of failure)
Confirm with . or Enter, or press ? or * to list all spells.
Aiming: Vampiric Draining (dangerous; 4% risk of failure)
Press: ? - help, Shift-Dir - straight line, f - wyvern
Aim: a wyvern You draw life force from the wyvern!
You feel life coursing into your body. The wyvern bites you!
Casting: Vampiric Draining (dangerous; 4% risk of failure)
Confirm with . or Enter, or press ? or * to list all spells.
Aiming: Vampiric Draining (dangerous; 4% risk of failure)
Press: ? - help, Shift-Dir - straight line, f/p - wyvern
Aim: a wyvern (heavily wounded)
You draw life force from the wyvern.
You feel life coursing into your body.
The wyvern hisses menacingly.
The wyvern bites you! x2
You die...

###.#.......#
#.#.......#
#.###+###.'
#.# ### # #.#
..# #.# #.#
#.# #.# #.#
#l# #.#####@#
#.......#
#########


You could see a wyvern.

Vanquished Creatures
  An ice beast (D:6)
  A sky beast (D:6)
  A black bear (D:2)
  An ogre (D:5)
  Blork the orc (D:6)
  2 scorpions (D:5)
  4 hounds
  Crazy Yiuf (D:7)
  A sleepcap (D:5)
  5 iguanas
  3 gnolls
  8 adders
  2 white imps
  An ufetubus (D:6)
  2 dart slugs
  7 orcs
  4 endoplasms
  8 goblins
  4 hobgoblins
  A quokka (D:1)
  6 ball pythons
  4 bats
  4 frilled lizards
  5 kobolds
  A rat (D:2)
78 creatures vanquished.

Notes
Turn   | Place    | Note
-------+----------+-------------------------------------------
     0 | D:1      | Esekla the Deep Elf Wanderer began the quest for the Orb.
     0 | D:1      | Esekla set off with the following items: a +0 club, a
                  | potion of lignification, a +0 robe, a +0 buckler; and the
                  | following spells available to memorise: Apportation, Blink,
                  | Lesser Beckoning, Magic Dart, Ignite Poison, Vampiric
                  | Draining.
     0 | D:1      | Reached XP level 1. HP: 10/10 MP: 7/7
     2 | D:1      | Learned a level 1 spell: Magic Dart
     4 | D:1      | Learned a level 1 spell: Apportation
   259 | D:2      | Found Renulab's Jewellery Shop.
   541 | D:4      | Found a radiant altar of Vehumet.
   549 | D:4      | Found an iron altar of Okawaru.
   560 | D:4      | Found a glowing silver altar of Zin.
   641 | D:4      | Became a worshipper of Vehumet
   835 | D:3      | Reached XP level 2. HP: 15/15 MP: 9/9
   838 | D:3      | Learned a level 2 spell: Blink
  1070 | D:3      | Identified the +5 rapier of the Hero {heavy, rN+ Dex+3}
  1153 | D:2      | Reached skill level 5 in Spellcasting
  1275 | D:1      | Reached XP level 3. HP: 19/19 MP: 9/11
  1360 | D:1      | Reached skill level 1 in Necromancy
  1579 | D:1      | Reached * piety under Vehumet
  1579 | D:1      | Offered knowledge of Shock by Vehumet.
  1584 | D:1      | Learned a level 3 spell: Ignite Poison
  1588 | D:1      | Learned a level 3 spell: Vampiric Draining
  1707 | D:3      | Reached XP level 4. HP: 17/24 MP: 2/13
  1842 | D:2      | Noticed a black bear
  1996 | D:3      | Found a hazy altar of Hepliaklqana.
  1998 | D:3      | Found a bloodstained altar of Trog.
  1999 | D:3      | Found a stormy altar of Qazlal.
  2088 | D:3      | Reached skill level 6 in Spellcasting
  2088 | D:3      | Reached skill level 1 in Conjurations
  2203 | D:2      | Killed a black bear
  2204 | D:2      | Reached skill level 1 in Short Blades
  2204 | D:2      | Reached skill level 1 in Dodging
  2204 | D:2      | Reached XP level 5. HP: 24/28 MP: 1/16
  2254 | D:2      | Found a faded altar of an unknown god.
  2611 | D:5      | Entered Level 5 of the Dungeon
  2614 | D:5      | Got the Parchment of the Lumpy Olives
  2642 | D:5      | Found a shadowy altar of Dithmenos.
  2699 | D:5      | Reached XP level 6. HP: 32/32 MP: 14/17
  2726 | D:5      | Reached skill level 7 in Spellcasting
  3218 | D:5      | Reached XP level 7. HP: 36/36 MP: 20/20
  3479 | D:5      | Reached skill level 8 in Spellcasting
  3533 | D:6      | Reached ** piety under Vehumet
  3533 | D:6      | Offered knowledge of Static Discharge by Vehumet.
  3540 | D:6      | Noticed Blork the orc
  3765 | D:6      | Killed Blork the orc
  3912 | D:6      | Reached skill level 9 in Spellcasting
  3978 | D:6      | Reached XP level 8. HP: 41/41 MP: 20/23
  4066 | D:7      | Found a runed translucent door.
  4067 | D:7      | Noticed Crazy Yiuf
  4074 | D:7      | Killed Crazy Yiuf
  4123 | D:7      | Slain by a wyvern

Illustrated notes

Levels and vault maps discovered:
D:1:      sevenhm_arrival_forest_fort_small_3, layout_rooms,
          chequers_serial_rivers_room_b, minmay_misc_feat_five
D:2:      layout_loops_ring, dreamdust_ecumenical_altar_angels_and_demons,
          serial_shops, shop
D:3:      layout_basic, grunt_temple_overflow_open, minmay_misc_feat_iff
D:4:      layout_basic, nicolae_overflow_quartered_altars, serial_shops,
          nicolae_diamond_shop
D:5:      layout_loops_ring, lemuel_doored_altar, minmay_misc_feat_rows,
          dreamdust_wishing_well
D:6:      layout_loops_cross, fedhas_altar_fruit_tree,
          minmay_temple_entry_glass, uniq_pikel, uniq_blork_the_orc
D:7:      layout_basic, uniq_menkaure, uniq_joseph, uniq_crazy_yiuf_cottage

Skill      XL: |  1  2  3  4  5  6  7  8 |
---------------+-------------------------+-----
Spellcasting   | 5 6 7 9 |  9.2
Necromancy     | 1 2 3 4 |  4.8
Conjurations   | 1 |  1.5
Short Blades   | 1 |  1.3
Dodging        | 1 2 3 |  3.2
Translocations | 3 |  3.5
Shields        | 2 |  2.1
Stealth        | 2 |  2.4
Throwing       | |  0.8
Transmutations | |  0.2
Fire Magic     | |  0.3
Poison Magic   | |  0.1
Invocations    | |  1.2

Action                     |  1- 3 |  4- 6 |  7- 9 || total
---------------------------+-------+-------+-------++-------
  Melee: Short sword       |    48 |       |       ||    48
         Rapier            |     6 |    38 |    15 ||    59
  Throw: Dart              |       |    18 |    12 ||    30
   Cast: Apportation       |    26 |    27 |     4 ||    57
         Magic Dart        |    51 |    13 |    11 ||    75
         Vampiric Draining |     2 |    10 |    14 ||    26
         Blink             |       |     2 |       ||     2
         Ignite Poison     |       |     2 |     4 ||     6
    Use: Scroll            |     1 |       |       ||     1
         Potion            |     1 |       |       ||     1
   Stab: Sleeping          |     2 |     3 |     1 ||     6
 Armour: Robe              |    18 |    16 |     6 ||    40
  Dodge: Dodged            |    32 |    24 |    17 ||    73
  Block: Buckler           |     7 |    18 |     5 ||    30
